 Dungeon Crawl Stone Soup version 0.21.0-3-g78d12a8 (webtiles) character file.

24178 HungrySpirit the Cleaver (level 13, -3/72 HPs)
             Began as a Vine Stalker Arcane Marksman on Jan 8, 2018.
             Was the Champion of Okawaru.
             Slain by a freezing wraith (11 damage)
             ... on level 11 of the Dungeon on Jan 9, 2018.
             The game lasted 00:40:11 (12813 turns).

HungrySpirit the Cleaver (VSAM)                    Turns: 12813, Time: 00:40:12

Health: -3/72      AC: 24    Str: 16    XL:     13   Next: 11%
Magic:  0/24       EV:  9    Int: 16    God:    Okawaru [******]
Gold:   708        SH:  0    Dex: 14    Spells: 12/14 levels left

rFire    x . .     SeeInvis .   Q - +2 battleaxe (vamp)
rCold    . . .     Gourm    .   (shield currently unavailable)
rNeg     + . .     Faith    +   A - +5 chain mail "Yteczoy" {rPois rF- rN+ Int+3}
rPois    +         Spirit   +   (no helmet)
rElec    .         Reflect  .   r - +0 cloak "Healaomm" {*Corrode MP+9 Dex-3 Stlth+}
rCorr    .         Harm     .   e - +1 pair of gloves
MR       +....                  J - +1 pair of boots {Fly}
Stlth    ..........             C - amulet of faith
HPRegen  1.02/turn              d - +3 ring of protection
MPRegen  0.19/turn              H - ring of poison resistance

@: about to teleport, flying, hasted and slowed
A: fangs 3, regeneration 2, magic shield, antimagic bite, no potion heal 3, rot
immunity
a: Heroism, Finesse, Renounce Religion, Stop Flying


You were on level 11 of the Dungeon.
You worshipped Okawaru.
Okawaru was exalted by your worship.
You were not hungry.

You visited 3 branches of the dungeon, and saw 15 of its levels.

You collected 708 gold pieces.

Inventory:

Hand Weapons
 Q - a +2 vampiric battleaxe (weapon)
Missiles
 O - 43 bolts
Armour
 e - a +1 pair of gloves (worn)
 o - a +0 buckler
 r - the +0 cloak "Healaomm" (worn) {*Corrode MP+9 Dex-3 Stlth+}
   (Okawaru gifted it to you on level 9 of the Dungeon)

   It affects your dexterity (-3).
   It affects your magic capacity (+9).
   It may corrode you when you take damage.
   It makes you more stealthy.
 A - the +5 chain mail "Yteczoy" (worn) {rPois rF- rN+ Int+3}
   (You found it on level 5 of the Dungeon)

   It affects your intelligence (+3).
   It makes you vulnerable to fire.
   It protects you from poison.
   It protects you from negative energy.
 J - a +1 pair of boots of flying (worn)
Jewellery
 d - a +3 ring of protection (left hand)
 k - an uncursed ring of ice
 y - a +2 ring of protection
 z - an uncursed ring of see invisible
 B - an uncursed ring of stealth
 C - an amulet of faith (around neck)
 H - a ring of poison resistance (right hand)
Wands
 x - a wand of digging (31)
 M - a wand of polymorph (5)
Scrolls
 h - 14 scrolls of remove curse
 j - 2 scrolls of amnesia
 l - 4 scrolls of identify
 D - a scroll of enchant weapon
 K - 2 scrolls of fog
Potions
 b - 2 potions of ambrosia
 g - 8 potions of curing
 m - a potion of flight {unknown}
 q - a potion of berserk rage
 s - a potion of magic {unknown}
 t - 3 potions of degeneration {unknown}
 u - 2 potions of mutation {unknown}
 v - a potion of lignification {unknown}
 w - 2 potions of resistance {unknown}
 E - a potion of cancellation {unknown}
 G - a potion of brilliance {unknown}
 I - 2 potions of agility {unknown}
 L - a potion of heal wounds {unknown}
 N - a potion of haste
 P - a potion of invisibility {unknown}
Books
 c - a book of Debilitation

   Spells                             Type                      Level
   a - Corona                         Hexes                        1
   b - Slow                           Hexes                        2
   c - Inner Flame                    Hexes/Fire                   3
   d - Portal Projectile              Hexes/Translocation          3
   e - Cause Fear                     Hexes                        4
   f - Leda's Liquefaction            Hexes/Earth                  4
 p - a book of Cantrips

   Spells                             Type                      Level
   a - Confusing Touch                Hexes                        1
   b - Animate Skeleton               Necromancy                   1
   c - Summon Small Mammal            Summoning                    1
   d - Apportation                    Translocation                1
 F - a book of Maledictions

   Spells                             Type                      Level
   a - Corona                         Hexes                        1
   b - Ensorcelled Hibernation        Hexes/Ice                    2
   c - Confuse                        Hexes                        3
   d - Tukima's Dance                 Hexes                        3
   e - Dazzling Spray                 Conjuration/Hexes            3
Comestibles
 a - 17 chunks of flesh
 f - 15 rations


   Skills:
 + Level 10.1 Fighting
 * Level 13.6 Axes
   Level 1.7 Crossbows
 + Level 7.9 Armour
 - Level 4.8 Dodging
 - Level 1.1 Spellcasting
 - Level 3.0 Hexes


You had 12 spell levels left.
You knew the following spells:

 Your Spells              Type           Power        Failure   Level  Hunger
a - Corona                Hex            ##.....      63%         1    ##.....
b - Apportation           Tloc           #.....       96%         1    ##.....


Dungeon Overview and Level Annotations

Branches:
Dungeon (12/15)            Temple (1/1) D:7            Lair (2/6) D:8
 Shoals (0/4) Lair:2
  Snake: Lair:2-4    Spider: Lair:2-4       Orc: D:9-12

Altars:
Ashenzari
Cheibriados
Elyvilon
Fedhas
Gozag
Kikubaaqudgha
Nemelex Xobeh
Okawaru
Sif Muna
Trog
Uskayaw
Vehumet
Wu Jian
Zin

Shops:
D:11 }

Portals:
Trove: D:10 (give horn of Geryon)

Annotations:
D:3 no0bjke's ghost, amateur GrFi
D:12 Snorg


Innate Abilities, Weirdness & Mutations

You have razor-sharp teeth.
You heal very quickly.
When hurt, damage is shared between your health and your magic reserves.
Your bite disrupts and absorbs the magic of your enemies.
Potions cannot restore your health.
You are immune to rotting.


Message History

You feel as though you will be slow longer.
The freezing wraith hits you. The freezing wraith freezes you!
The freezing wraith hits you but does no damage.
The freezing wraith hits you! The freezing wraith freezes you!!
The freezing wraith hits you but does no damage.
The freezing wraith hits you. The freezing wraith freezes you!!
* * * LOW HITPOINT WARNING * * *
The freezing wraith hits you but does no damage.
As you read the scroll of fear, it crumbles to dust.
You assume a fearsome visage.
The freezing wraith is unaffected.
The freezing wraith hits you but does no damage.
The freezing wraith barely misses you.
As you read the scroll of teleportation, it crumbles to dust.
You feel strangely unstable.
The freezing wraith hits you but does no damage. x2
The freezing wraith barely misses you. The freezing wraith hits you!
* * * LOW HITPOINT WARNING * * *
You feel yourself speed up. The freezing wraith hits you.
The freezing wraith freezes you!
You die...

######.......######.(............
..#..#...........(...............
..)..#...............####..######
###(##...........[)..# #..#
,,#..#......>........# #..#
,,#..#...............####..######
*'#(##...........................
,,#.(#............<..............
,,#.(#.####....W@....########..##
####)#.# #..........# #..#
....)).# #..........# #..#
..###### #..######..########..##
.##########..# #..............
.............# #..............
##...........######..:.......####
#...........................#
#...........................#


You could see a freezing wraith.

Vanquished Creatures
  A yaktaur captain (D:11)
  Josephine (D:11)
  2 centaur warriors (D:11)
  5 two-headed ogres
  A death yak (D:8)
  Sonja (D:11)
  3 unseen horrors
  A deep elf mage (D:11)
  An ugly thing (D:12)
  A black mamba (Lair:2)
  A spiny frog (Lair:2)
  Joseph (D:8)
  Psyche (D:8)
  4 komodo dragons (Lair:1)
  A rime drake (Lair:2)
  A meliai (D:11)
  A polar bear (Lair:2)
  3 trolls
  3 blink frogs (Lair:1)
  5 hippogriffs
  8 yaks
  Eustachio (D:6)
  3 hogs (D:11)
  A human (D:11)
  4 wraiths (D:11)
  2 basilisks (Lair:2)
  2 hungry ghosts
  Menkaure (D:6)
  5 vampire mosquitoes
  An acid dragon (D:12)
  5 water moccasins
  3 porcupines
  3 orc warriors
  A hornet zombie (D:7)
  An ice beast (D:9)
  3 sky beasts
  3 black bears
  A phantom (D:9)
  5 ogres
  A wolf (Lair:1)
  3 centaurs
  7 crocodiles
  A big kobold (D:11)
  8 bullfrogs
  2 scorpions
  A wyvern skeleton (D:8)
  5 killer bees
  3 wights (D:8)
  2 howler monkeys
  2 centaur zombies
  5 crimson imps
  A quasit (D:12)
  A bullfrog zombie (D:12)
  3 jellies
  A centaur skeleton (D:4)
  5 hounds
  9 orc wizards
  Crazy Yiuf (D:2)
  2 orc priests
  3 bullfrog skeletons
  5 iguanas
  Jessica (D:3)
  11 worker ants
  A hound zombie (D:9)
  A worker ant zombie (D:6)
  12 adders
  A river rat (D:8)
  A shadow imp (D:12)
  An ooze (D:1)
  2 adder skeletons
  An adder zombie (D:9)
  A worm (D:3)
  3 dart slugs
  2 leopard geckos
  27 orcs
  4 bats (D:1)
  4 giant cockroaches
  8 hobgoblins
  5 jackals
  8 kobolds
  5 quokkas
  A ball python skeleton (D:4)
  11 frilled lizards
  3 goblins
  A quokka skeleton (D:7)
  8 rats
  A fungus (D:2)
286 creatures vanquished.

Vanquished Creatures (others)
  4 fungi (Lair:2)
  3 plants
7 creatures vanquished.

Grand Total: 293 creatures vanquished

Notes
Turn   | Place    | Note
-------+----------+-------------------------------------------
     0 | D:1      | HungrySpirit the Vine Stalker Arcane Marksman began the quest for the Orb.
     0 | D:1      | Reached XP level 1. HP: 9/9 MP: 3/3
    19 | D:1      | Reached skill level 1 in Fighting
   198 | D:1      | Reached XP level 2. HP: 10/14 MP: 2/4
   484 | D:1      | Reached skill level 1 in Axes
   684 | D:1      | Reached XP level 3. HP: 18/18 MP: 5/5
  1018 | D:2      | Gained mutation: Your natural rate of healing is unusually fast. [Vine Stalker growth]
  1018 | D:2      | Reached XP level 4. HP: 17/23 MP: 4/6
  1353 | D:2      | Found a runed door.
  1357 | D:2      | Noticed Crazy Yiuf
  1452 | D:2      | Killed Crazy Yiuf
  1452 | D:2      | Reached skill level 2 in Axes
  1668 | D:3      | Noticed Jessica
  1679 | D:3      | Killed Jessica
  1679 | D:3      | Reached XP level 5. HP: 14/27 MP: 3/7
  1738 | D:3      | Noticed no0bjke's ghost (amateur GrFi)
  2439 | D:4      | Reached skill level 3 in Axes
  2488 | D:4      | Reached XP level 6. HP: 13/32 MP: 3/8
  2786 | D:4      | Reached skill level 4 in Axes
  2926 | D:4      | Reached XP level 7. HP: 24/36 MP: 6/9
  3260 | D:4      | Found a snail-covered altar of Cheibriados.
  3296 | D:5      | Entered Level 5 of the Dungeon
  3685 | D:5      | Reached skill level 5 in Axes
  3829 | D:5      | Got a faintly humming chain mail
  3840 | D:5      | Identified the +5 chain mail "Yteczoy" {rPois rF- rN+ Int+3} (You found it on level 5 of the Dungeon)
  4112 | D:5      | Gained mutation: You have razor-sharp teeth. [Vine Stalker growth]
  4112 | D:5      | Reached XP level 8. HP: 42/42 MP: 10/10
  4305 | D:6      | Noticed Menkaure
  4322 | D:6      | Killed Menkaure
  4322 | D:6      | Reached skill level 6 in Axes
  4454 | D:6      | Noticed Eustachio
  4483 | D:6      | Killed Eustachio
  4547 | D:6      | Reached skill level 5 in Fighting
  4851 | D:6      | Reached XP level 9. HP: 47/47 MP: 11/11
  4941 | D:7      | Found a staircase to the Ecumenical Temple.
  4975 | D:7      | Reached skill level 7 in Axes
  5035 | Temple   | Entered the Ecumenical Temple
  5091 | Temple   | Became a worshipper of Warmaster Okawaru
  5204 | D:7      | Reached skill level 1 in Armour
  5452 | D:7      | Learned a level 1 spell: Apportation
  5466 | D:7      | Found a blossoming altar of Fedhas.
  5616 | D:7      | Found a hide-covered altar of Uskayaw.
  6379 | D:8      | Noticed a death yak
  6461 | D:8      | Reached skill level 8 in Axes
  6473 | D:8      | Noticed Psyche
  6483 | D:8      | Killed Psyche
  6483 | D:8      | Reached * piety under Okawaru
  6528 | D:8      | Found a staircase to the Lair.
  6539 | D:8      | Noticed a death yak
  6541 | D:8      | Noticed a death yak
  6608 | Lair:1   | Entered Level 1 of the Lair of Beasts
  6648 | Lair:1   | Noticed a komodo dragon
  6660 | Lair:1   | HP: 1/49 [komodo dragon (20)]
  7066 | Lair:1   | Killed a komodo dragon
  7066 | Lair:1   | Reached skill level 9 in Axes
  7066 | Lair:1   | Reached XP level 10. HP: 45/53 MP: 12/12
  7106 | Lair:1   | Reached ** piety under Okawaru
  7763 | Lair:1   | Reached *** piety under Okawaru
  8010 | Lair:1   | Reached skill level 10 in Axes
  8210 | Lair:1   | Reached **** piety under Okawaru
  8388 | Lair:1   | Received a gift from Okawaru
  8600 | Lair:1   | Reached XP level 11. HP: 50/58 MP: 13/13
  8649 | Lair:1   | Reached skill level 5 in Armour
  8739 | Lair:1   | Got a warped scale mail
  8740 | Lair:1   | Identified the +9 scale mail "Heunalid" {rCorr Int+9 Dex-3 Slay-5} (You found it on level 1 of the Lair of Beasts)
  9033 | Lair:2   | Noticed a seven-headed hydra
  9041 | Lair:2   | Found a staircase to the Shoals.
  9145 | Lair:2   | Reached ***** piety under Okawaru
  9297 | Lair:2   | Reached skill level 11 in Axes
  9567 | D:8      | Killed a death yak
  9567 | D:8      | Received a gift from Okawaru
  9821 | D:8      | Noticed Joseph
  9842 | D:8      | Killed Joseph
  9981 | D:8      | Noticed a two-headed ogre
  9991 | D:8      | Killed a two-headed ogre
 10193 | D:9      | Killed an unseen horror
 10669 | D:10     | Entered Level 10 of the Dungeon
 10669 | D:10     | Found a portal to a secret trove of treasure.
 10685 | D:9      | Received a gift from Okawaru
 10685 | D:9      | Reached skill level 12 in Axes
 10688 | D:9      | Got a transparent cloak {god gift}
 10699 | D:9      | Identified the +0 cloak "Healaomm" {*Corrode MP+9 Dex-3 Stlth+} (Okawaru gifted it to you on level 9 of the Dungeon)
 10788 | D:10     | Gained mutation: You heal very quickly. [Vine Stalker growth]
 10788 | D:10     | Reached XP level 12. HP: 62/65 MP: 14/14
 11313 | D:11     | Found Egoc's Gadget Shop.
 11333 | D:11     | Noticed a two-headed ogre
 11342 | D:11     | Killed a two-headed ogre
 11403 | D:11     | Reached ****** piety under Okawaru
 11432 | D:11     | Noticed a two-headed ogre
 11442 | D:11     | Killed a two-headed ogre
 11598 | D:11     | Noticed Sonja
 11661 | D:11     | Killed Sonja
 11737 | D:11     | Noticed a two-headed ogre
 11746 | D:11     | Killed a two-headed ogre
 11893 | D:11     | Noticed a centaur warrior
 11902 | D:11     | Noticed Josephine
 11921 | D:11     | Killed a centaur warrior
 11921 | D:11     | Received a gift from Okawaru
 11930 | D:11     | Killed Josephine
 11930 | D:11     | Reached skill level 13 in Axes
 12256 | D:11     | Found a runed door.
 12263 | D:11     | Noticed a centaur warrior
 12263 | D:11     | Noticed a two-headed ogre
 12273 | D:11     | Noticed a yaktaur captain
 12276 | D:11     | Killed a two-headed ogre
 12300 | D:11     | Killed a centaur warrior
 12318 | D:11     | Killed a yaktaur captain
 12318 | D:11     | Received a gift from Okawaru
 12346 | D:11     | Noticed a frost giant
 12386 | D:11     | Noticed a stone giant
 12494 | D:12     | Reached skill level 10 in Fighting
 12565 | D:12     | Reached XP level 13. HP: 58/72 MP: 15/15
 12792 | D:12     | Noticed Snorg
 12813 | D:11     | Slain by a freezing wraith

Skill      XL: |  1  2  3  4  5  6  7  8  9 10 11 12 |
---------------+-------------------------------------+-----
Fighting       | 1 2 3 4 5 6 7 8 10 | 10.1
Axes           | 1 2 3 4 5 6 9 10 12 13 | 13.6
Dodging        | 2 3 4 |  4.8
Armour         | 3 4 6 7 |  7.9
Crossbows      | |  1.7
Spellcasting   | |  1.1
Hexes          | |  3.0

Action                   |  1- 3 |  4- 6 |  7- 9 | 10-12 | 13-15 || total
-------------------------+-------+-------+-------+-------+-------++-------
Melee: Hand axe          |       |   221 |   523 |   847 |       ||  1591
       Bite              |       |    71 |   181 |   265 |    24 ||   541
       Battleaxe         |       |       |       |     6 |    77 ||    83
 Fire: Hand crossbow     |    84 |     4 |       |       |       ||    88
Evoke: Wand              |       |     8 |     8 |    36 |       ||    52
  Use: Scroll            |       |       |     6 |    11 |     2 ||    19
       Potion            |       |       |       |     4 |     1 ||     5
 Stab: Paralysed         |       |     7 |     5 |     9 |       ||    21
  Eat: Chunk             |       |     7 |     8 |    12 |       ||    27
       Ration            |       |       |     4 |     5 |       ||     9
Armor: Robe              |     4 |       |       |       |       ||     4
       Ring mail         |     7 |    52 |    29 |       |       ||    88
       Chain mail        |       |       |   279 |   561 |    72 ||   912
Dodge: Dodged            |    21 |   126 |   211 |   345 |    28 ||   731
